 Dungeon Crawl Stone Soup version 0.26-a0-538-ge4b5d95 (webtiles) character file.

Game seed: 16237192261558800927

557753 robertstho the Axe Maniac (level 25, -2/278 HPs)
             Began as a Minotaur Berserker on Aug 14, 2020.
             Was the Champion of the Shining One.
             Slain by a stone giant (47 damage)
             ... created by the rage of Trog
             ... on level 1 of the Depths.
             The game lasted 02:08:20 (57423 turns).

robertstho the Axe Maniac (Minotaur Berserker)     Turns: 57423, Time: 02:08:21

Health: -2/278     AC: 32    Str: 31 (32) XL:     25   Next: 25%
Magic:  33/33      EV: 27    Int: 14      God:    the Shining One [******]
Gold:   2748       SH:  0    Dex: 21      Spells: 24/24 levels left

rFire    . . .     SeeInvis .   S - +9 executioner's axe (holy)
rCold    + + +     Faith    .   (shield currently unavailable)
rNeg     + + +     Spirit   .   r - +6 ice dragon scales of the Furies {rF- rC++ rN++ Int+4}
rPois    +         Reflect  .   X - +3 hat of Pondering {ponderous, MR+ MP+10 Int+5}
rElec    +         Harm     .   x - scarf {rC+ rF+}
rCorr    .         Clarity  +   N - +1 pair of gloves
MR       +++++                  L - +2 pair of boots of Cuab {rN+}
Stlth    +.........             p - amulet of the Four Winds {rN+ MR+++ Clar}
HPRegen  0.56/turn              f - ring of Oduvix {rElec rF- rN+ Str+3 Dex+7}
MPRegen  0.23/turn              Y - ring of the Forsaken Lives {rPois rF+}

@: glowing, slow
A: retaliatory headbutt, horns 2, low mp 1, robust 1, electricity resistance,
MP-powered wands
}: 3/15 runes: serpentine, barnacled, silver
a: Divine Shield, Cleansing Flame, Summon Divine Warrior, Renounce Religion


You were on level 1 of the Depths.
You worshipped the Shining One.
The Shining One was exalted by your worship.
You visited 9 branches of the dungeon, and saw 43 of its levels.
You visited the Abyss 1 time.
You visited 2 bazaars.
You also visited: Bailey, Ice Cave and Wizlab.

You collected 6609 gold pieces.
You spent 3861 gold pieces at shops.

Inventory:

Hand Weapons
 u - the +9 hand axe "Suamnaah" {flame, rF+ Str+2}
   (Trog gifted it to you in a wizard's laboratory)

   It has been specially enchanted to burn those struck by it, causing extra
   injury to most foes and up to half again as much damage against particularly
   susceptible opponents.
   Big, fiery blades are also staple armaments of hydra-hunters.
   It affects your strength (+2).
   It protects you from fire.
 K - the +9 war axe of Brutal Revenge {vorpal, rElec rC+}
   (Trog gifted it to you on level 5 of the Vaults)

   It inflicts extra damage upon your enemies.
   It protects you from cold.
   It insulates you from electricity.
 S - a +9 executioner's axe of holy wrath (weapon)
Missiles
 c - 168 poisoned darts (quivered)
Armour
 r - the +6 ice dragon scales of the Furies (worn) {rF- rC++ rN++ Int+4}
   (You found it in a bailey)

   It affects your intelligence (+4).
   It makes you vulnerable to fire.
   It greatly protects you from cold.
   It greatly protects you from negative energy.
 x - a scarf of resistance (worn)
 H - a +0 plate armour of fire resistance
 L - the +2 pair of boots of Cuab (worn) {rN+}
   (You bought it in a shop on level 2 of the Orcish Mines)

   It protects you from negative energy.
 N - a +1 pair of gloves (worn)
 R - a +0 tower shield of cold resistance
 X - the +3 hat of Pondering (worn) {ponderous, MR+ MP+10 Int+5}
   (You bought it in a shop on level 2 of the Orcish Mines)

   It affects your intelligence (+5).
   It affects your resistance to hostile enchantments.
   It affects your magic capacity (+10).
 Z - the +4 acid dragon scales of the Elephant {MR+ rCorr SInv}
   (You took it off a deep elf annihilator on level 3 of the Elven Halls)

   It affects your resistance to hostile enchantments.
   It lets you see invisible.
   It provides partial protection from all sources of acid and corrosion.
Jewellery
 f - the ring of Oduvix (left hand) {rElec rF- rN+ Str+3 Dex+7}
   (You found it on level 3 of the Crypt)

   [ring of positive energy]

   It affects your strength (+3).
   It affects your dexterity (+7).
   It makes you vulnerable to fire.
   It insulates you from electricity.
   It protects you from negative energy.
 h - the amulet of Rosy {rF+ MR+ Regen+ Int+4}
   (You found it on level 3 of the Crypt)

   [amulet of regeneration]

   It affects your intelligence (+4).
   It protects you from fire.
   It affects your resistance to hostile enchantments.
   It increases your rate of regeneration.
 k - a +4 ring of protection
 l - a +4 ring of protection
 p - the amulet of the Four Winds (around neck) {rN+ MR+++ Clar}
   (You found it on level 5 of the Vaults)

   [amulet of nothing]

   It protects you from negative energy.
   It affects your resistance to hostile enchantments.
   It protects you against confusion.
 C - an uncursed amulet of reflection
 D - an uncursed ring of protection from cold
 E - an uncursed ring of protection from fire
 O - an uncursed ring of protection from magic
 Y - the ring of the Forsaken Lives (right hand) {rPois rF+}
   (You took it off a deep elf demonologist on level 3 of the Elven Halls)

   [ring of protection from fire]

   It protects you from fire.
   It protects you from poison.
Wands
 B - a wand of disintegration (18)
 G - a wand of digging (31)
 I - a wand of iceblast (36)
 J - a wand of acid (29)
Scrolls
 a - 5 scrolls of magic mapping
 d - 18 scrolls of teleportation
 g - 21 scrolls of remove curse
 m - 8 scrolls of fog
 q - 7 scrolls of fear
 s - 9 scrolls of enchant armour
 t - 11 scrolls of blinking
 w - 6 scrolls of immolation
 M - 17 scrolls of identify
 P - 2 scrolls of brand weapon
 Q - a scroll of holy word
 T - a scroll of silence
 W - a scroll of summoning
Potions
 b - 3 potions of might
 e - 3 potions of resistance
 i - 19 potions of curing
 j - 3 potions of haste
 n - a potion of ambrosia
 o - 2 potions of heal wounds
 v - 16 potions of flight
 z - 4 potions of mutation
 A - 5 potions of cancellation
Miscellaneous
 V - a box of beasts (3/3)


   Skills:
 * Level 25.8 Fighting
 O Level 27 Axes
   Level 1.5(18.8) Maces & Flails
 + Level 0.1 Throwing
 * Level 19.4 Armour
 * Level 19.9 Dodging
 + Level 2.9 Stealth
 + Level 21.3 Shields
 + Level 0.2 Unarmed Combat
 * Level 6.2 Invocations


You had 24 spell levels left.
You didn't know any spells.
Your spell library contained the following spells:

 Spells                   Type           Power        Failure   Level
 Spider Form              Tmut/Pois      #.........   82%         3
 Borgnjor's Vile Clutch   Necr/Erth      #.........   100%        5
 Death Channel            Necr           #.........   100%        6
 Simulacrum               Ice/Necr       #.........   100%        6


Dungeon Overview and Level Annotations

Branches:
Dungeon (15/15)            Temple (0/1) D:7            Lair (6/6) D:9
 Shoals (4/4) Lair:2        Snake (4/4) Lair:4        Slime (0/5) Lair:6
    Orc (2/2) D:12            Elf (3/3) Orc:2        Vaults (5/5) D:14
  Crypt (3/3) Vaults:2       Tomb (0/3) Crypt:3      Depths (1/5) D:15
 Bailey (visited)           IceCv (visited)          WizLab (visited)

Altars:
Cheibriados
Elyvilon
Kikubaaqudgha
Nemelex Xobeh
Trog
Yredelemnul
The Shining One
Beogh
Jiyva

Shops:
D:5 ?[=[   D:11 ?   D:12 *?[=!   Orc:2 [[(}   Elf:1 *[   Elf:3 *:!   Shoals:2 (
Shoals:3 }   Snake:3 [   Vaults:2 (   Vaults:3 }   Vaults:5 *   Depths:1 }==

Portals:
Hell: Depths:1

Annotations:
Shoals:4 Aizul


Innate Abilities, Weirdness & Mutations

You reflexively headbutt those who attack you in melee.
You have a pair of horns on your head.
Your magical capacity is low. (-10% MP)
You are robust. (+10% HP)
You are resistant to electric shocks. (rElec)
You expend magic power (3 MP) to strengthen your wands.


Message History

You hit the stone giant.
The stone giant is almost dead.
The stone giant hits you.
* * * LOW HITPOINT WARNING * * *
You slice the stone giant!!
You kill the stone giant!
That felt strangely unrewarding.
You slice the sea snake!! You headbutt the sea snake!!
The sea snake is heavily wounded.
You hit the stone giant but do no damage.
The stone giant hits you!!
* * * LOW HITPOINT WARNING * * *
The sea snake bites you but does no damage.
Unknown command.
You feel much better. The stone giant hits you.
* * * LOW HITPOINT WARNING * * *
The sea snake misses you. You furiously retaliate!
You headbutt the sea snake!
You hear a shout!
The stone giant hits you!!!
You die...

,,,,,,,,,,,,,,,* #.#...#,#
,,,,,,.........# #..#.#..#
,,,,,.≈≈.......# #..C#...#
*****.≈≈.......# #..#C#..#
*****≈≈≈......$# #.#...#.#
.,,**,.....≈≈≈≈# #.#...#.#
∩.,**,,#..≈≈...# #(#...#.#
...♣###*#..≈...#########.C#.#..##
.⌠.∩.[# #......C@.........(#.....
...♣#.####.)...##S..###...#.#...#
∩.,*#...###......#.#...#.#...#.#.
.,,*#.....(.......#.....#.....#..
****#....)#......#.#...#.#...#.#.
#####.........###...###...#.#...#
..............#............#.....
........(......#########..#.#..##
..≈≈≈≈.(.......# #.#...#.#


You could see a stone giant (berserk) and a sea snake shaped shifter.

Vanquished Creatures
  Khufu (Crypt:1)
  Sojobo (Crypt:1)
  A greater mummy (Crypt:1)
  Boris (Crypt:1)
  Xtahua (Crypt:3)
  Margery (Crypt:1)
  Nikola (Shoals:1)
  A golden dragon (Vaults:5)
  A profane servitor (Abyss:2)
  2 bone dragons (Crypt:3)
  Rupert (D:14)
  Jorgrun (Shoals:1)
  A tentacled monstrosity (Vaults:5)
  An Ice Fiend (IceCv)
  3 liches
  2 deep elf master archers (Elf:3)
  2 quicksilver dragons
  2 deep elf blademasters (Elf:3)
  5 sphinxes
  2 titans (Vaults:5)
  Polyphemus (Shoals:4)
  4 tentacled starspawn (WizLab)
  13 ancient champions
  8 tengu reavers
  3 shadow dragons (Vaults:5)
  Kirke (D:12)
  An eldritch tentacle (WizLab)
  Donald (Snake:1)
  A storm dragon (Vaults:5)
  2 fire giants
  5 frost giants
  11 nagarajas
  A deep elf sorcerer (Vaults:3)
  5 revenants
  18 vault wardens
  8 deep elf elementalists
  A curse skull (Crypt:1)
  Louise (Snake:2)
  A draconian shifter (WizLab)
  A juggernaut skeleton (Crypt:3)
  23 stone giants
  15 ironheart preservers
  An angel (WizLab)
  12 ghouls
  3 war gargoyles
  4 very ugly things
  5 entropy weavers
  6 vampire knights
  8 deep elf demonologists
  Azrael (Snake:2)
  4 deep elf annihilators
  A dire elephant (D:15)
  8 merfolk javelineers
  11 eidola
  4 ettins
  7 deep elf death magi
  2 mummy priests (Crypt:1)
  A quicksilver dragon zombie (Crypt:1)
  8 merfolk impalers
  2 fire dragons
  2 great orbs of eyes
  8 jiangshi
  4 deep elf high priests
  11 yaktaur captains
  31 vault guards
  A rakshasa (Vaults:3)
  2 quicksilver dragon skeletons
  19 naga warriors
  7 hydras
  12 ogre magi
  An ice dragon (Vaults:2)
  A hell beast (Depths:1)
  9 anacondas
  4 merfolk avatars
  A catoblepas (Shoals:4)
  9 death knights
  2 deep troll shamans
  11 centaur warriors
  53 two-headed ogres
  3 merfolk aquamancers
  3 alligator snapping turtles
  A deep troll earth mage (Vaults:1)
  26 dancing weapons
  A satyr (Shoals:4)
  A titan zombie (Crypt:3)
  A tengu warrior (D:15)
  6 death yaks
  6 thrashing horrors
  7 vampire magi
  26 naga sharpshooters
  10 shock serpents
  4 soul eaters
  5 hell knights (Crypt:1)
  19 deep elf knights
  7 shadow wraiths
  2 iron trolls
  30 skeletal warriors
  A titan skeleton (Crypt:3)
  2 sixfirhies (WizLab)
  14 sea snakes
  4 salamander mystics
  A fire crab (shapeshifter) (Vaults:3)
  5 unseen horrors
  14 deep trolls
  17 deep elf archers
  5 flayed ghosts
  2 glowing orange brains
  An obsidian statue (WizLab)
  A quicksilver dragon simulacrum (Crypt:1)
  17 naga ritualists
  2 wizards (Vaults:2)
  21 phantasmal warriors
  2 lindwurms
  2 harpies (shapeshifter)
  18 orc knights
  2 tengu zombies
  3 large abominations (Abyss:2)
  13 ironbrand convokers
  26 harpies
  A mana viper (shapeshifter) (Vaults:3)
  An anaconda skeleton (Crypt:3)
  3 wolf spider zombies
  13 necromancers
  7 orc sorcerers
  52 deep elf magi
  A fire giant zombie (Abyss:2)
  13 mana vipers
  7 wolf spiders
  19 fauns
  18 ugly things
  A tengu skeleton (Vaults:3)
  3 worldbinders
  A salamander (shapeshifter) (Elf:1)
  A frost giant zombie (Vaults:5)
  22 manticores
  21 salamanders
  A black mamba (shapeshifter) (Vaults:5)
  18 elephants
  3 fire giant skeletons
  2 stone giant skeletons
  5 guardian serpents
  22 cyclopes
  2 ice statues (IceCv)
  A rust devil (Abyss:2)
  6 water nymphs
  11 merfolk sirens
  A sphinx skeleton (Vaults:3)
  A dire elephant zombie (Crypt:2)
  25 naga magi
  Psyche (D:8)
  3 smoke demons
  37 black mambas
  A titan simulacrum (Vaults:5)
  3 frost giant skeletons
  12 vault sentinels
  2 orange demons
  2 storm dragon simulacra (Crypt:1)
  12 centaur skeletons
  4 cane toads
  A dire elephant skeleton (Crypt:2)
  3 gargoyles
  4 komodo dragons
  2 hellwings (WizLab)
  2 kobold demonologists (Bailey)
  A sea snake zombie (Crypt:2)
  12 ice devils (IceCv)
  A yaktaur (shapeshifter) (Vaults:3)
  A hellion (Abyss:2)
  An efreet (D:13)
  22 freezing wraiths
  45 yaktaurs
  2 rime drakes
  A catoblepas zombie (Crypt:3)
  2 human zombies
  3 anaconda simulacra
  2 ancient zymes
  54 merfolk
  A guardian mummy (Crypt:3)
  A pale draconian skeleton (Crypt:1)
  2 harpy zombies (D:14)
  A red devil (WizLab)
  4 tengu conjurers (D:15)
  8 polar bears
  4 hornets
  A troll (shapeshifter) (Vaults:5)
  A jumping spider (Vaults:2)
  A polar bear (shapeshifter) (Vaults:4)
  3 wind drakes
  A hydra skeleton (Crypt:1)
  10 trolls
  A shadow dragon simulacrum (Crypt:3)
  7 raiju (Abyss:2)
  6 slime creatures (D:12)
  25 blink frogs
  2 bog bodies
  A jumping spider zombie (Crypt:1)
  An iron dragon simulacrum (Crypt:3)
  A dream sheep (shapeshifter) (Vaults:4)
  A hippogriff (shapeshifter) (Abyss:2)
  12 dream sheep
  A raiju (shapeshifter) (Vaults:4)
  The ghost of juncz the Chopper, an amateur GrBe of Trog (D:5)
  7 snapping turtles
  3 human simulacra
  A frost giant simulacrum (Vaults:3)
  23 hippogriffs
  Sigmund (D:4)
  2 air elementals (Elf:2)
  12 flying skulls
  2 centaur simulacra
  6 redbacks
  A spriggan (shapeshifter) (Depths:1)
  An ettin zombie (Crypt:3)
  A wyvern (D:14)
  An alligator skeleton (Crypt:3)
  2 shadows
  8 vampires
  7 wraiths
  A fire dragon skeleton (Abyss:2)
  2 hogs (D:12)
  4 basilisks
  12 water elementals
  5 ettin skeletons
  A dire elephant simulacrum (IceCv)
  An ice dragon skeleton (Crypt:2)
  A fire elemental (Snake:2)
  A basilisk (shapeshifter) (Vaults:2)
  A neqoxec (Abyss:2)
  24 yaks
  A chaos spawn (Abyss:2)
  A steam dragon (D:15)
  A gelid demonspawn zombie (Crypt:1)
  Menkaure (D:4)
  A deep troll zombie (Vaults:4)
  An insubstantial wisp (WizLab)
  6 wargs
  6 spatial vortices (WizLab)
  5 harpy simulacra (IceCv)
  An iron troll simulacrum (IceCv)
  71 nagas
  A hydra simulacrum (IceCv)
  3 acid dragons
  A two-headed ogre zombie (Crypt:2)
  6 hell hounds
  12 porcupines
  8 water moccasins
  A two-headed ogre skeleton (Crypt:1)
  A floating eye (shapeshifter) (Vaults:3)
  A hornet zombie (D:11)
  A monstrous demonspawn skeleton (Crypt:2)
  A snapping turtle zombie (Crypt:1)
  56 orc warriors
  9 ice beasts
  14 black bears
  2 ettin simulacra
  2 phantoms
  3 sky beasts
  4 eyes of draining
  An eye of draining (shapeshifter) (Elf:1)
  49 ogres
  4 necrophages
  13 wolves
  An ogre (shapeshifter) (Depths:1)
  8 boggarts
  3 small abominations
  A black mamba simulacrum (Crypt:1)
  2 snapping turtle skeletons
  34 centaurs
  10 crocodiles
  A big kobold (D:13)
  Blork the orc (D:6)
  A cyclops zombie (Crypt:3)
  3 wyvern zombies
  21 bullfrogs
  4 earth elementals
  A gnoll sergeant (D:6)
  A deep troll simulacrum (Vaults:5)
  2 wyvern skeletons (D:13)
  6 scorpions
  A water moccasin skeleton (Crypt:1)
  A troll zombie (Crypt:2)
  A spriggan zombie (Crypt:1)
  9 wights
  20 killer bees
  3 jellies
  A spriggan skeleton (Crypt:3)
  3 howler monkeys
  13 electric eels
  7 centaur zombies
  5 bullfrog zombies
  9 hounds
  7 quasits
  3 bullfrog skeletons
  A gnoll shaman (D:7)
  24 orc priests
  25 orc wizards
  An iron imp (Abyss:2)
  4 iguanas
  9 worker ants
  Terence (D:3)
  Natasha (thrice) (D:4)
  A porcupine skeleton (Crypt:3)
  A deep dwarf zombie (Crypt:3)
  2 hound skeletons
  14 mummies
  A worker ant zombie (D:11)
  16 adders
  16 gnolls
  A steam dragon zombie (Crypt:2)
  3 shadow imps
  A swamp drake skeleton (Crypt:1)
  4 white imps
  An ooze (D:1)
  4 ufetubi
  A worm zombie (Crypt:3)
  2 adder zombies (D:8)
  5 adder skeletons
  5 worms
  2 barachi skeletons
  3 dart slugs
  7 leopard geckos
  115 orcs
  5 giant cockroaches
  15 goblins
  13 hobgoblins
  13 jackals
  9 kobolds
  8 quokkas
  11 bats
  10 frilled lizards
  A goblin zombie (Crypt:2)
  5 rats (D:1)
  A rat skeleton (Crypt:3)
  A river rat skeleton (Crypt:1)
  A crawling corpse (Elf:3)
  4 fungi
  8 plants
  4 starspawn tentacles (WizLab)
2362 creatures vanquished.

Vanquished Creatures (collateral kills)
  An orc warlord (Orc:2)
  An entropy weaver (Vaults:5)
  An ironheart preserver (Vaults:4)
  An ettin (Vaults:4)
  A merfolk impaler (Shoals:2)
  A vault guard (Vaults:4)
  An alligator snapping turtle (Shoals:4)
  2 ogre magi (Vaults:4)
  A catoblepas (Lair:6)
  A two-headed ogre (Crypt:1)
  3 death yaks (Lair:6)
  A sea snake (Shoals:4)
  A deep troll (Vaults:4)
  A glowing orange brain (Vaults:4)
  An orc knight (Bailey)
  An ironbrand convoker (Vaults:5)
  An orc sorcerer (Orc:2)
  5 merfolk sirens
  5 merfolk
  A hornet (shapeshifter) (Vaults:4)
  A snapping turtle (Shoals:2)
  A fire elemental (Snake:2)
  A warg (Orc:2)
  A naga (Snake:4)
  A hell hound (Snake:2)
  5 orc warriors
  2 ogres
  5 orc priests
  4 orc wizards
  14 orcs
  A goblin (Bailey)
  A hobgoblin (Bailey)
68 creatures vanquished.

Vanquished Creatures (others)
  A vault warden (Vaults:4)
  A war gargoyle (Vaults:5)
  A death yak (Shoals:4)
  An ogre mage (Vaults:2)
  A deep elf mage (Vaults:5)
  A naga mage (Snake:4)
  A redback (Vaults:2)
  A hound (D:12)
  An orc (D:12)
  A goblin (Bailey)
  5 fungi
  14 plants
  7 starspawn tentacles (WizLab)
36 creatures vanquished.

Grand Total: 2466 creatures vanquished

Notes
Turn   | Place    | Note
-------+----------+-------------------------------------------
     0 | D:1      | robertstho the Minotaur Berserker began the quest for the
                  | Orb.
     0 | D:1      | Reached XP level 1. HP: 19/19 MP: 0/0
   339 | D:1      | Reached XP level 2. HP: 27/27 MP: 1/1
   366 | D:1      | Reached skill level 4 in Axes
   425 | D:1      | Reached ** piety under Trog
   516 | D:1      | Reached XP level 3. HP: 33/33 MP: 2/2
   980 | D:2      | Reached XP level 4. HP: 39/41 MP: 3/3
  1527 | D:3      | Reached skill level 5 in Axes
  1656 | D:3      | Found a glowing golden altar of the Shining One.
  1718 | D:3      | Reached XP level 5. HP: 43/47 MP: 4/4
  2030 | D:3      | Noticed Terence
  2038 | D:3      | Killed Terence
  2038 | D:3      | Reached skill level 5 in Fighting
  2344 | D:4      | Noticed Natasha
  2345 | D:4      | Noticed Sigmund
  2349 | D:4      | Killed Natasha
  2359 | D:4      | Killed Sigmund
  2359 | D:4      | Reached skill level 6 in Axes
  2359 | D:4      | Reached XP level 6. HP: 42/56 MP: 5/5
  2387 | D:4      | Noticed Natasha
  2388 | D:4      | Reached skill level 7 in Axes
  2392 | D:4      | Killed Natasha
  2431 | D:4      | Noticed Natasha
  2437 | D:4      | Killed Natasha
  2441 | D:4      | Reached *** piety under Trog
  2449 | D:4      | Reached XP level 7. HP: 58/61 MP: 6/6
  3002 | D:4      | Noticed Menkaure
  3008 | D:4      | Killed Menkaure
  3008 | D:4      | Reached skill level 8 in Axes
  3103 | D:5      | Entered Level 5 of the Dungeon
  3120 | D:5      | Found Plog's Jewellery Boutique.
  3129 | D:5      | Found Miamp's Armour Boutique.
  3142 | D:5      | Bought a +0 pair of boots for 67 gold pieces
  3173 | D:5      | Reached skill level 5 in Armour
  3269 | D:5      | Found Utim's Magic Scroll Shop.
  3275 | D:5      | Bought a scroll of teleportation for 42 gold pieces
  3275 | D:5      | Bought a scroll of blinking for 105 gold pieces
  3275 | D:5      | Bought a scroll of random uselessness for 14 gold pieces
  3275 | D:5      | Bought a scroll of identify for 28 gold pieces
  3275 | D:5      | Bought a scroll of identify for 28 gold pieces
  3441 | D:5      | Found Vuenumics's Antique Armour Shoppe.
  3473 | D:5      | Found a runed translucent door.
  3474 | D:5      | Noticed juncz's ghost (amateur GrBe)
  3581 | D:5      | Killed juncz's ghost
  3581 | D:5      | Reached skill level 9 in Axes
  3581 | D:5      | Reached XP level 8. HP: 70/70 MP: 7/7
  3749 | D:6      | Reached skill level 1 in Shields
  3795 | D:6      | Noticed Blork the orc
  3805 | D:6      | Killed Blork the orc
  3805 | D:6      | Reached **** piety under Trog
  3942 | D:6      | Reached skill level 10 in Axes
  4328 | D:7      | Reached XP level 9. HP: 72/78 MP: 8/8
  4542 | D:7      | Reached skill level 11 in Axes
  4542 | D:7      | Reached skill level 5 in Dodging
  4967 | D:7      | Found a staircase to the Ecumenical Temple.
  5330 | D:8      | Noticed Psyche
  5340 | D:8      | Killed Psyche
  5340 | D:8      | Reached skill level 12 in Axes
  5433 | D:8      | Found a white marble altar of Elyvilon.
  5506 | D:8      | Reached XP level 10. HP: 81/86 MP: 9/9
  5646 | D:8      | Reached ***** piety under Trog
  5845 | D:8      | Reached skill level 5 in Shields
  5927 | D:8      | Received a gift from Trog
  6569 | D:9      | Found a flagged portal.
  6585 | Bailey   | Entered a bailey
  6611 | Bailey   | Reached skill level 13 in Axes
  6864 | Bailey   | Noticed an orc knight
  6883 | Bailey   | Killed an orc knight
  6952 | Bailey   | Noticed an orc knight
  6953 | Bailey   | Found an iron altar of Okawaru.
  6954 | Bailey   | Noticed an orange demon
  6964 | Bailey   | Killed an orc knight
  7094 | Bailey   | Got fine ice dragon scales
  7105 | Bailey   | Identified the +6 ice dragon scales of the Furies {rF- rC++
                  | rN++ Int+4} (You found it in a bailey)
  7151 | Bailey   | Acquired 730 gold pieces
  7268 | Bailey   | Reached XP level 11. HP: 83/95 MP: 10/10
  7438 | Bailey   | Noticed an orc knight
  7458 | Bailey   | Killed an orc knight
  7562 | Bailey   | Noticed an orc knight
  7571 | Bailey   | Killed an orc knight
  7945 | D:9      | Reached skill level 14 in Axes
  8065 | D:9      | Found a staircase to the Lair.
  8610 | D:10     | Entered Level 10 of the Dungeon
  8610 | D:10     | Noticed a two-headed ogre
  8610 | D:10     | Noticed a two-headed ogre
  8621 | D:10     | Killed a two-headed ogre
  8622 | D:10     | Killed a two-headed ogre
  8827 | D:10     | Noticed a two-headed ogre
  8833 | D:10     | Killed a two-headed ogre
  8847 | D:10     | Received a gift from Trog
  8851 | D:10     | Reached skill level 15 in Axes
  9283 | D:11     | Reached skill level 10 in Fighting
  9431 | D:11     | Found Ickadegu's Magic Scroll Shoppe.
  9440 | D:11     | Bought a scroll of identify for 20 gold pieces
  9440 | D:11     | Bought a scroll of identify for 20 gold pieces
  9440 | D:11     | Bought a scroll of enchant armour for 75 gold pieces
  9440 | D:11     | Bought a scroll of silence for 75 gold pieces
  9440 | D:11     | Bought a scroll of noise for 10 gold pieces
  9440 | D:11     | Bought a scroll of vulnerability for 75 gold pieces
  9440 | D:11     | Bought a scroll of identify for 20 gold pieces
  9551 | D:11     | Reached XP level 12. HP: 106/106 MP: 11/11
 10054 | D:5      | Bought the +1 cloak of Starlight {rElec rC+ EV+4 Stlth--}
                  | for 667 gold pieces
 10054 | D:5      | Found the +1 cloak of Starlight {rElec rC+ EV+4 Stlth--}
 10265 | D:12     | Found Kaeseuho's Distillery.
 10288 | D:12     | Bought a potion of resistance for 100 gold pieces
 10288 | D:12     | Bought a potion of heal wounds for 50 gold pieces
 10288 | D:12     | Bought a potion of might for 40 gold pieces
 10288 | D:12     | Bought a potion of haste for 100 gold pieces
 10288 | D:12     | Bought a potion of heal wounds for 50 gold pieces
 10299 | D:12     | Noticed Kirke
 10315 | D:12     | HP: 3/159 [Kirke (14)]
 10320 | D:12     | Found a staircase to the Orcish Mines.
 10713 | Lair:1   | Entered Level 1 of the Lair of Beasts
 10773 | Lair:1   | Reached skill level 1 in Stealth
 10908 | Lair:1   | Reached skill level 16 in Axes
 10948 | Lair:1   | Received a gift from Trog
 10948 | Lair:1   | Reached skill level 10 in Armour
 11491 | Lair:2   | Noticed a five-headed hydra
 11636 | Lair:2   | Killed a five-headed hydra
 11773 | Lair:2   | Found a staircase to the Shoals.
 12652 | Lair:3   | Reached skill level 17 in Axes
 12652 | Lair:3   | Reached XP level 13. HP: 110/117 MP: 12/12
 13684 | Lair:4   | Found a sparkling altar of Nemelex Xobeh.
 13767 | Lair:4   | Found a staircase to the Snake Pit.
 14387 | Lair:5   | Got a pair of encrusted boots
 14397 | Lair:5   | Identified the cursed -2 pair of boots of Qaixturifo
                  | {Dex+8} (You found it on level 5 of the Lair of Beasts)
 14435 | Lair:5   | Reached skill level 18 in Axes
 14944 | Lair:5   | Noticed a fire dragon
 14957 | Lair:5   | Killed a fire dragon
 14959 | Lair:5   | Reached ****** piety under Trog
 14981 | Lair:5   | Identified Ythruaghucyz's Further Steps in Spellcraft
 14983 | Lair:5   | Got a wavering tin ring
 14984 | Lair:5   | Identified the ring "Zyq Sino" {Ice MR++ MP-9 Str+7 Dex+4}
                  | (You found it on level 5 of the Lair of Beasts)
 15455 | Lair:6   | Entered Level 6 of the Lair of Beasts
 15571 | Lair:6   | Received a gift from Trog
 15646 | Lair:6   | Reached skill level 1 in Maces & Flails
 15728 | Lair:6   | Reached XP level 14. HP: 127/127 MP: 4/13
 15745 | Lair:6   | Reached skill level 19 in Axes
 16044 | Lair:6   | Reached skill level 10 in Dodging
 16194 | Lair:6   | Identified Sif Muna's Guide on Sinister Arts and
                  | Conjuration
 16372 | Lair:6   | Found a viscous altar of Jiyva.
 16373 | Lair:6   | Found a staircase to the Slime Pits.
 16563 | D:12     | Killed Kirke
 16654 | D:12     | Found Ding's Antique Armour Shop.
 16741 | D:12     | Found Zeecw's Magic Scroll Shop.
 16764 | D:12     | Found Michitze's Assorted Antiques.
 16768 | D:12     | Bought a scroll of identify for 28 gold pieces
 16768 | D:12     | Bought a scroll of fear for 49 gold pieces
 16768 | D:12     | Bought a scroll of identify for 28 gold pieces
 16768 | D:12     | Bought a scroll of identify for 28 gold pieces
 16768 | D:12     | Bought a scroll of identify for 28 gold pieces
 16768 | D:12     | Bought a scroll of fear for 49 gold pieces
 16768 | D:12     | Bought a scroll of teleportation for 42 gold pieces
 17050 | D:12     | Found Bufeilol's Jewellery Boutique.
 17411 | D:13     | Received a gift from Trog
 18216 | Orc:1    | Entered Level 1 of the Orcish Mines
 18617 | Orc:2    | Entered Level 2 of the Orcish Mines
 18835 | Orc:2    | Found a staircase to the Elven Halls.
 19069 | Orc:2    | Reached skill level 20 in Axes
 19087 | Orc:2    | Found a bloodstained altar of Trog.
 19093 | Orc:2    | Received a gift from Trog
 19156 | Orc:2    | Found a roughly hewn altar of Beogh.
 19220 | Orc:2    | Noticed an orc warlord
 19238 | Orc:2    | Killed an orc warlord
 19265 | Orc:2    | Found Lifanit's Antique Weapon Emporium.
 19266 | Orc:2    | Found a roughly hewn altar of Beogh.
 19280 | Orc:2    | Found Yrausapi's Antique Armour Shoppe.
 19334 | Orc:2    | Found a roughly hewn altar of Beogh.
 19436 | Orc:2    | Found a roughly hewn altar of Beogh.
 19455 | Orc:2    | Found Sijur's Gadget Shoppe.
 19592 | Orc:2    | Found a roughly hewn altar of Beogh.
 19593 | Orc:2    | Found Jagexiq's Armour Shoppe.
 19617 | Orc:2    | Bought a +0 plate armour of fire resistance for 330 gold
                  | pieces
 19617 | Orc:2    | Bought the +3 hat of Pondering {ponderous, MR+ MP+10 Int+5}
                  | for 419 gold pieces
 19617 | Orc:2    | Found the +3 hat of Pondering {ponderous, MR+ MP+10 Int+5}
 19750 | Orc:2    | Found a roughly hewn altar of Beogh.
 19871 | Orc:1    | You fall into a shaft and drop 1 floor!
 20201 | Orc:1    | Noticed a stone giant
 20211 | Orc:1    | Killed a stone giant
 20779 | D:14     | Reached XP level 15. HP: 135/138 MP: 14/14
 20797 | D:14     | Received a gift from Trog
 21026 | D:14     | Found a snail-covered altar of Cheibriados.
 21619 | D:14     | Noticed Rupert
 21631 | D:14     | Killed Rupert
 21631 | D:14     | Reached skill level 21 in Axes
 21739 | D:14     | Reached skill level 15 in Fighting
 21964 | D:14     | Found a gate to the Vaults.
 22075 | D:15     | Entered Level 15 of the Dungeon
 22276 | D:15     | Received a gift from Trog
 22578 | D:15     | Found a staircase to the Depths.
 22987 | D:12     | Bought the ring "Ekhynla" {rPois Int-4 Dex+3 SInv} for 494
                  | gold pieces
 23128 | Snake:1  | Entered Level 1 of the Snake Pit
 23622 | Snake:1  | Reached XP level 16. HP: 124/151 MP: 15/15
 23700 | Snake:1  | Noticed Donald
 23713 | Snake:1  | Killed Donald
 23835 | Snake:1  | Received a gift from Trog
 24258 | Snake:2  | Noticed Louise
 24276 | Snake:2  | Killed Louise
 24276 | Snake:2  | Reached skill level 10 in Shields
 24370 | Snake:2  | Noticed Azrael
 24384 | Snake:2  | Killed Azrael
 24400 | Snake:2  | Reached skill level 22 in Axes
 25239 | Snake:3  | Received a gift from Trog
 25818 | Snake:3  | Reached XP level 17. HP: 151/161 MP: 16/16
 25971 | Snake:3  | Found Ilad's Antique Armour Emporium.
 26282 | Snake:4  | Entered Level 4 of the Snake Pit
 26626 | Snake:4  | Found a snail-covered altar of Cheibriados.
 26745 | Snake:4  | Received a gift from Trog
 27420 | Snake:4  | Received a gift from Trog
 27450 | Snake:4  | Reached skill level 15 in Dodging
 27861 | Snake:4  | Reached XP level 18. HP: 168/172 MP: 17/17
 27908 | Snake:4  | Got a serpentine rune of Zot
 27918 | Snake:4  | Reached skill level 23 in Axes
 28198 | Shoals:1 | Entered Level 1 of the Shoals
 28360 | Shoals:1 | Noticed Nikola
 28374 | Shoals:1 | Killed Nikola
 28385 | Shoals:1 | Noticed Jorgrun
 28396 | Shoals:1 | Killed Jorgrun
 28515 | Shoals:1 | Found a frozen archway.
 28527 | IceCv    | Entered an ice cave
 28605 | IceCv    | Received a gift from Trog
 28608 | IceCv    | Got a glimmering executioner's axe {god gift}
 28722 | IceCv    | Identified the +6 executioner's axe of Crusades {flame,
                  | *Rage Str+3 Int+8} (Trog gifted it to you in an ice cave)
 28848 | IceCv    | Noticed an Ice Fiend
 28854 | IceCv    | Killed an Ice Fiend
 30175 | Shoals:2 | Received a gift from Trog
 31015 | Shoals:2 | Found Buic's Antique Weapon Emporium.
 31258 | Shoals:2 | Received a gift from Trog
 31838 | Shoals:3 | Reached skill level 15 in Armour
 32401 | Shoals:3 | Found Buuva's Gadget Shoppe.
 32877 | Shoals:4 | Entered Level 4 of the Shoals
 32947 | Shoals:4 | Reached XP level 19. HP: 181/181 MP: 18/18
 32969 | Shoals:4 | Cast into level 2 of the Abyss (merfolk impaler)
 33138 | Abyss:2  | Gained mutation: Scrolls take you a little longer to read.
                  | [a neqoxec]
 33139 | Abyss:2  | Gained mutation: You are weak. (Str -2) [a neqoxec]
 33222 | Abyss:2  | Received a gift from Trog
 33238 | Abyss:2  | Reached skill level 15 in Shields
 33313 | Abyss:2  | Noticed a profane servitor
 33337 | Abyss:2  | Killed a profane servitor
 33371 | Shoals:4 | Escaped the Abyss
 33926 | Shoals:4 | Noticed Aizul
 34089 | Shoals:4 | Got a barnacled rune of Zot
 34285 | Shoals:4 | Noticed Polyphemus
 34300 | Shoals:4 | Received a gift from Trog
 34320 | Shoals:4 | Killed Polyphemus
 34621 | Shoals:4 | Reached skill level 24 in Axes
 35336 | Elf:1    | Entered Level 1 of the Elven Halls
 35507 | Elf:1    | Found Tyemout's Assorted Antiques.
 35515 | Elf:1    | Found Alacim's Armour Emporium.
 35735 | Elf:1    | Received a gift from Trog
 36631 | Elf:2    | Reached XP level 20. HP: 193/193 MP: 19/19
 37181 | Elf:2    | Found a huge runed translucent gate.
 37181 | Elf:2    | Found a huge runed translucent gate.
 37182 | Elf:2    | Found a huge runed translucent gate.
 37183 | Elf:2    | Found a huge runed translucent gate.
 37190 | Elf:2    | Found a huge runed translucent gate.
 37211 | Elf:2    | Received a gift from Trog
 37648 | Elf:3    | Entered Level 3 of the Elven Halls
 37791 | Elf:3    | Found Xuch's Book Boutique.
 37900 | Elf:3    | Found Qafokuf's Distillery.
 37910 | Elf:3    | Bought a potion of curing for 48 gold pieces
 37910 | Elf:3    | Bought a potion of heal wounds for 80 gold pieces
 37977 | Elf:3    | Found Laxat's Assorted Antiques.
 37985 | Elf:3    | Bought a potion of heal wounds for 155 gold pieces
 38124 | Elf:3    | Identified the +0 robe of Pride {*Drain rF+ MR+ Str+4}
 38124 | Elf:3    | Identified the ring of the Forsaken Lives {rPois rF+}
 38139 | Elf:3    | Received a gift from Trog
 38271 | Elf:3    | Gained mutation: You are robust. (+10% HP) [a cacodemon]
 38702 | Elf:3    | Identified the +4 acid dragon scales of the Elephant {MR+
                  | rCorr SInv}
 38880 | Elf:3    | Identified the cursed +1 war axe of a sewer {freeze, Dex+4}
                  | (You found it on level 3 of the Elven Halls)
 39038 | Elf:3    | Identified the +8 plate armour of Wamiwing {rElec} (You
                  | found it on level 3 of the Elven Halls)
 39358 | Vaults:1 | Entered Level 1 of the Vaults
 39416 | Vaults:1 | Paralysed by an ogre mage for 3 turns
 40056 | Vaults:1 | Received a gift from Trog
 40093 | Vaults:1 | Reached skill level 25 in Axes
 40343 | Vaults:1 | Identified the ring "Koll" {*Slow rF+ rC- Str+6 SInv} (You
                  | found it on level 1 of the Vaults)
 40659 | Vaults:2 | Reached XP level 21. HP: 205/222 MP: 20/20
 41190 | Vaults:2 | Received a gift from Trog
 41355 | Vaults:2 | Found Igidofuc's Weapon Shoppe.
 41595 | Vaults:2 | Found a staircase to the Crypt.
 42099 | Vaults:3 | Found Menairia's Gadget Emporium.
 42370 | Vaults:3 | Received a gift from Trog
 42543 | Vaults:3 | You fall into a shaft and drop 1 floor!
 42547 | Vaults:4 | Found a magical portal.
 42634 | Vaults:4 | Found a flickering gateway to a bazaar.
 42646 | Bazaar   | Entered a bazaar
 42656 | Bazaar   | Found Otzeas's Assorted Antiques.
 42674 | Bazaar   | Found Coecehi's Jewellery Emporium.
 42691 | Bazaar   | Found Xape's Book Boutique.
 42708 | Bazaar   | Found Oloext's Antique Armour Shoppe.
 42786 | WizLab   | Entered The Roulette of Golubria
 42786 | WizLab   | Found a transporter.
 42791 | WizLab   | Found a corrupted altar of Lugonu.
 42888 | WizLab   | Found a transporter.
 42889 | WizLab   | Found a transporter.
 42917 | WizLab   | Found a transporter.
 42949 | WizLab   | Found a transporter.
 42954 | WizLab   | Found a transporter.
 43057 | WizLab   | Found a transporter.
 43114 | WizLab   | Found a transporter.
 43151 | WizLab   | Found a transporter.
 43184 | WizLab   | Found a transporter.
 43245 | WizLab   | Found a transporter.
 43564 | WizLab   | Found a transporter.
 43581 | WizLab   | Found a corrupted altar of Lugonu.
 43597 | WizLab   | Found a transporter.
 43627 | WizLab   | Identified the ring "Lidamifeca" {*Tele *Corrode +Inv rC+
                  | MR+} (You found it in a wizard's laboratory)
 43637 | WizLab   | Identified the cursed +0 cloak of Nuhaom {Slay+2 Stlth+}
                  | (You found it in a wizard's laboratory)
 43646 | WizLab   | Identified the cursed +0 cloak "Xyjeib" {rPois rN+++ Int-4
                  | Dex+3} (You found it in a wizard's laboratory)
 43658 | WizLab   | Identified the +0 cloak of Iliesch {Harm} (You found it in
                  | a wizard's laboratory)
 43688 | WizLab   | Found a transporter.
 43705 | WizLab   | Reached XP level 22. HP: 236/236 MP: 10/21
 43736 | WizLab   | Found a transporter.
 43736 | WizLab   | Found a transporter.
 43744 | WizLab   | Received a gift from Trog
 43772 | WizLab   | Identified the +9 hand axe "Suamnaah" {flame, rF+ Str+2}
                  | (Trog gifted it to you in a wizard's laboratory)
 43797 | WizLab   | Found a transporter.
 43797 | WizLab   | Found a transporter.
 43846 | WizLab   | Found a transporter.
 43846 | WizLab   | Found a transporter.
 44557 | Vaults:4 | Reached skill level 26 in Axes
 44571 | Vaults:4 | Received a gift from Trog
 45520 | Vaults:5 | Entered Level 5 of the Vaults
 45805 | Vaults:3 | Received a gift from Trog
 45842 | Vaults:3 | Identified the +3 demon whip "Diti" {flame, rPois rC+ SInv}
                  | (Trog gifted it to you on level 3 of the Vaults)
 46820 | Orc:2    | Bought a pair of fading boots for 323 gold pieces
 46833 | Orc:2    | Identified the +2 pair of boots of Cuab {rN+} (You bought
                  | it in a shop on level 2 of the Orcish Mines)
 47868 | Vaults:5 | Received a gift from Trog
 47950 | Vaults:5 | Reached XP level 23. HP: 157/247 MP: 22/22
 48151 | Vaults:5 | Identified the +9 war axe of Brutal Revenge {vorpal, rElec
                  | rC+} (Trog gifted it to you on level 5 of the Vaults)
 48191 | Vaults:5 | Found the amulet of the Four Winds {rN+ MR+++ Clar}
 48297 | Vaults:5 | Found Cetuneed's General Store.
 48322 | Vaults:5 | Bought a potion of curing for 54 gold pieces
 49395 | Vaults:5 | Paralysed by a lich for 2 turns
 49657 | Vaults:5 | Received a gift from Trog
 50076 | Vaults:5 | Found the +8 storm bow {elec, penet}
 50082 | Vaults:5 | Got a silver rune of Zot
 51294 | D:3      | Fell from the grace of Trog
 51294 | D:3      | Became a worshipper of the Shining One
 51675 | Crypt:1  | Entered Level 1 of the Crypt
 51698 | Crypt:1  | Reached * piety under the Shining One
 51700 | Crypt:1  | Noticed Boris
 51731 | Crypt:1  | Killed Boris
 51731 | Crypt:1  | Reached skill level 1 in Invocations
 51756 | Crypt:1  | Reached ** piety under the Shining One
 51768 | Crypt:1  | Reached skill level 27 in Axes
 51913 | Crypt:1  | Reached *** piety under the Shining One
 52109 | Crypt:1  | Noticed Margery
 52109 | Crypt:1  | Reached **** piety under the Shining One
 52139 | Crypt:1  | Killed Margery
 52139 | Crypt:1  | Reached XP level 24. HP: 243/259 MP: 23/23
 52325 | Crypt:1  | Reached ***** piety under the Shining One
 52401 | Crypt:1  | Noticed Khufu
 52741 | Crypt:1  | Noticed Sojobo
 52764 | Crypt:1  | Killed Sojobo
 52793 | Crypt:1  | Noticed a greater mummy
 53615 | Crypt:1  | Killed Khufu
 53631 | Crypt:1  | Killed a greater mummy
 53677 | Crypt:1  | Lost mutation: You are robust. (+10% HP) [potion of
                  | mutation]
 53677 | Crypt:1  | Lost mutation: Scrolls take you a little longer to read.
                  | [potion of mutation]
 53677 | Crypt:1  | Gained mutation: Your mind is acute. (Int +2) [potion of
                  | mutation]
 53677 | Crypt:1  | Gained mutation: You have a pair of large horns on your
                  | head. [potion of mutation]
 53678 | Crypt:1  | Lost mutation: You are weak. (Str -2) [potion of mutation]
 53678 | Crypt:1  | Lost mutation: You have a pair of large horns on your head.
                  | [potion of mutation]
 53678 | Crypt:1  | Lost mutation: Your mind is acute. (Int +2) [potion of
                  | mutation]
 53678 | Crypt:1  | Gained mutation: Armour fits poorly on your strangely
                  | shaped body. [potion of mutation]
 53678 | Crypt:1  | Gained mutation: You are agile. (Dex +2) [potion of
                  | mutation]
 53679 | Crypt:1  | Lost mutation: Armour fits poorly on your strangely shaped
                  | body. [potion of mutation]
 53679 | Crypt:1  | Lost mutation: You are agile. (Dex +2) [potion of mutation]
 53679 | Crypt:1  | Gained mutation: You expend magic power (3 MP) to
                  | strengthen your wands. [potion of mutation]
 53679 | Crypt:1  | Gained mutation: You are resistant to electric shocks.
                  | (rElec) [potion of mutation]
 53679 | Crypt:1  | Gained mutation: Your magical capacity is low. (-10% MP)
                  | [potion of mutation]
 53679 | Crypt:1  | Gained mutation: You are robust. (+10% HP) [potion of
                  | mutation]
 54033 | Crypt:1  | Reached ****** piety under the Shining One
 54166 | Crypt:1  | Found an ancient bone altar of Kikubaaqudgha.
 54168 | Crypt:1  | Identified a +9 executioner's axe of holy wrath (a +7
                  | executioner's axe of freezing blessed by the Shining One)
 54168 | Crypt:1  | Received a gift from the Shining One
 55087 | Crypt:3  | Entered Level 3 of the Crypt
 55153 | Crypt:3  | Reached skill level 5 in Invocations
 55402 | Crypt:3  | Noticed Xtahua
 55415 | Crypt:3  | Killed Xtahua
 55741 | Crypt:3  | Reached XP level 25. HP: 275/275 MP: 23/23
 55809 | Crypt:3  | Found an ancient bone altar of Kikubaaqudgha.
 55810 | Crypt:3  | Found a basalt altar of Yredelemnul.
 55833 | Crypt:3  | Got a faintly glowing turquoise ring
 55833 | Crypt:3  | Got a twitching jade amulet
 55833 | Crypt:3  | Got a crude pewter ring
 55877 | Crypt:3  | Identified the Catalogue of Cankerous Unholy Rituals
 56364 | Crypt:3  | Found a staircase to the Tomb.
 56430 | Crypt:3  | Identified the ring of Oduvix {rElec rF- rN+ Str+3 Dex+7}
                  | (You found it on level 3 of the Crypt)
 56432 | Crypt:3  | Identified the ring of Teinanof {rN+ MR+ Str+4} (You found
                  | it on level 3 of the Crypt)
 56435 | Crypt:3  | Identified the amulet of Rosy {rF+ MR+ Regen+ Int+4} (You
                  | found it on level 3 of the Crypt)
 56756 | Depths:1 | Entered Level 1 of the Depths
 56810 | Depths:1 | The Shining One protects you from harm!
 56845 | Depths:1 | HP: 2/276 [two-headed ogre/+0 giant spiked club[the rage of
                  | Trog] (33)]
 56853 | Depths:1 | Found a gateway to Hell.
 56892 | Depths:1 | Found Misteac's Jewellery Emporium.
 56894 | Depths:1 | Found Zuqi Sast's Gadget Shop.
 56895 | Depths:1 | Found Wuxi's Jewellery Emporium.
 56906 | Depths:1 | Found a flickering gateway to a bazaar.
 56911 | Bazaar   | Entered a bazaar
 57279 | Bazaar   | Found Tojamal's Book Emporium.
 57294 | Bazaar   | Found Xissisai's General Store.
 57298 | Bazaar   | Bought a scroll of teleportation for 45 gold pieces
 57298 | Bazaar   | Bought a scroll of teleportation for 45 gold pieces
 57298 | Bazaar   | Bought a scroll of identify for 30 gold pieces
 57309 | Bazaar   | Found Ygucwer's Antique Weapon Emporium.
 57423 | Depths:1 | Slain by a stone giant

Illustrated notes

Levels and vault maps discovered:
D:1:      scummos_arrival_simple_fountains, layout_loops_ring
D:2:      layout_basic, minmay_misc_feat_enclosed
D:3:      layout_loops_ring, tso_metal_star, uniq_terence
D:4:      minmay_chambers_of_threes, layout_rooms, uniq_sigmund, uniq_natasha,
          uniq_menkaure
D:5:      layout_rooms, ebering_ghost_reflecting_pool, serial_shops, shop,
          nicolae_shop_waterfront, shop, nicolae_shop_statue_plus,
          minmay_diced_spiral
D:6:      layout_rooms, uniq_blork_the_orc
D:7:      layout_loops_corners, temple_fountains
D:8:      layout_layer_cave, basic_altar, uniq_psyche
D:9:      layout_loops_ring, david_lair_generic, enter_bailey_3,
          minmay_fractal_squares_diagonal_5
D:10:     layout_cave_pools
D:11:     layout_small_grid, serial_shops, shop
D:12:     layout_irregular_city, orc_0_dummy, serial_shops, shop_coins,
          nicolae_shop_statue_plus, shop, nicolae_shop_stone,
          nicolae_shop_statue_plus, uniq_kirke
D:13:     layout_cave_pods
D:14:     hangedman_screamer, layout_irregular_city, david_vaults_1,
          hangedman_decor_lopped, grunt_ministairs_3, moated_statue,
          kennysheep_cross_room, minmay_door_square, lemuel_centaur_altar,
          uniq_rupert
D:15:     hangedman_depths_entry_try_elsewhere_first, layout_basic,
          chequers_serial_rivers_micro_e, chequers_mini_garden
Lair:1:   layout_regular_city
Lair:2:   layout_small_grid, elwin_shoals_entry_rocks,
          nicolae_quartered_pool_medium, minivault_24
Lair:3:   layout_regular_city
Lair:4:   layout_misc_corridors, minmay_snake_entry_guardpost_small,
          basic_altar, serial_forest, infiniplex_forest_end_2,
          infiniplex_forest_clump_diagonal, infiniplex_forest_lined_ring,
          infiniplex_forest_clump_diagonal, infiniplex_forest_corner_1,
          infiniplex_forest_end_2
Lair:5:   dragon1_lemuel, layout_small_grid, minivault_23, grunt_megastairs_2
Lair:6:   grunt_lair_end_beastmaster, layout_loops_ring,
          dpeg_slime_entry_enclosed_altar, lemuel_fruit_tree
Shoals:1: layout_shoals, portal_ice_cave_entry_pillars_three, uniq_nikola,
          uniq_jorgrun
Shoals:2: layout_shoals, serial_shops, nicolae_shop_window_shopping
Shoals:3: layout_shoals, serial_shops, shop
Shoals:4: shoals_end_grunt_ice, layout_shoals, nicolae_shoals_wave_tunnel,
          uniq_polyphemus, uniq_aizul
Snake:1:  layout_misc_corridors, nicolae_snake_double_loop, uniq_donald
Snake:2:  layout_onion, uniq_louise, uniq_azrael
Snake:3:  layout_concentric_octagons, serial_shops,
          nicolae_shop_overgrown_old_shop, corexii_hall_statues_x
Snake:4:  snake_pit, layout_grid_shapes, basic_altar
Orc:1:    layout_diamond_mine, mines_bat_river
Orc:2:    grunt_orc_community_town_hall, layout_caves,
          grunt_orc_community_big_house_2, grunt_orc_community_big_house_1,
          grunt_orc_community_house_2, grunt_orc_community_house_2,
          grunt_orc_community_house_2, grunt_orc_community_house_1,
          grunt_orc_community_house_3, basic_altar
Elf:1:    eino_elf_arrival_sip, layout_geoelf_diagonals,
          minmay_elf_annihilation, minmay_shop_star
Elf:2:    layout_loops_corners, minmay_misc_feat_columns, grunt_ministairs_7
Elf:3:    elf_hall_gauntlet_wide, layout_geoelf_grid, serial_shops,
          nicolae_shop_trees, shop, shop
Vaults:1: nicolae_vaults_little_squares_4, v_misc_5, nicolae_vaults_triangles,
          nicolae_vaults_windows_and_doors_thing, layout_vaults_omnigrid
Vaults:2: hangedman_vaults_corner, v_alt_pattern_5, vaults_mumra_minichess,
          nicolae_vaults_circle_grid_a, vaults_room_door_ring,
          blue_anna_dwarven_crypt, v_misc_13, hangedman_vaults_cutoff,
          ontoclasm_vaults_spin, layout_vaults_big_room, serial_shops,
          nicolae_shop_statue_plus, uniq_frederick
Vaults:3: nicolae_vaults_angled_halls, hangedman_vaults_corner_blocks,
          ontoclasm_vaults_eye, hangedman_vaults_slice, vaults_standard_mumra_x,
          hangedman_vaults_pinch, nicolae_vaults_little_squares_5,
          hangedman_vaults_snaps, hangedman_vaults_stagger,
          hangedman_vaults_impose, dpeg_vaults_pockets_of_resistance,
          layout_vaults_omnibox, serial_shops, nicolae_shop_stone
Vaults:4: hangedman_vaults_trim, nicolae_vaults_alarming,
          dpeg_vaults_monster_box, v_pattern_2, nicolae_vaults_border_crossing,
          vaults_dpeg_encased_lava, vaults_room_semicircle,
          vaults_room_large_hall, nicolae_vaults_network_star,
          nicolae_vaults_specimen_jars, ontoclasm_vaults_pinch,
          ontoclasm_vaults_twist, layout_vaults_maze_bifur,
          lightli_enter_wizlab_magi_temple, serial_shops, bzr_entry_safe
Vaults:5
Crypt:1:  cheibrodos_crypt_down_in_the_bonehoard, layout_rooms,
          grunt_megastairs_4, grunt_crypt_arrival_split, uniq_khufu,
          uniq_margery, uniq_sojobo, uniq_boris
Crypt:2:  layout_misc_corridors, minivault_27, roderic_lattice_octagonal_star
Crypt:3:  lightli_unholy_cathedral, layout_chaotic_city,
          nicolae_tomb_entry_unfolded_pyramid_orthogonal, minivault_25,
          st_stairs_13, uniq_xtahua
Depths:1: layout_cave_pools, enter_ziggurat_d, nicolae_twisting_strands,
          grunt_mini_vestibule, serial_shops, bzr_entry_road, drop_trap,
          kennysheep_nub, minmay_guarded_unrand_wrath_of_trog, minmay_shop_grove

Skill      XL: |  1  2  3  4  5  6  7  8  9 10 11 12 13 14 15 16 17 18 19 20 21 22 23 24 25 |
---------------+----------------------------------------------------------------------------+-----
Fighting       | 4 5 6 7 8 10 11 12 14 15 17 18 19 20 21 22 23 25 | 25.8
Axes           | 4 5 6 7 9 10 12 13 15 17 18 20 21 22 23 24 25 26 27 | 27.0
Armour         | 3 4 5 6 7 8 9 10 11 12 13 14 15 16 17 18 19 | 19.4
Dodging        | 3 4 5 6 7 8 9 11 12 13 15 16 17 18 19 | 19.9
Shields        | 2 4 6 7 8 9 11 13 14 16 17 18 19 20 21 | 21.3
Stealth        | 1 2 |  2.9
Maces & Flails | 1 |  1.5
Invocations    | 2 5 6 |  6.2
Throwing       | |  0.1
Unarmed Combat | |  0.2

Action                   |  1- 3 |  4- 6 |  7- 9 | 10-12 | 13-15 | 16-18 | 19-21 | 22-24 | 25-27 || total
-------------------------+-------+-------+-------+-------+-------+-------+-------+-------+-------++-------
Melee: Hand axe          |    88 |    33 |   163 |   105 |       |       |       |   635 |       ||  1024
       Headbutt          |    10 |    13 |    62 |   122 |   231 |   308 |   414 |   555 |    57 ||  1772
       War axe           |       |    55 |   190 |       |       |   205 |       |   431 |       ||   881
       Broad axe         |       |       |       |   430 |    28 |   930 |  1734 |   424 |       ||  3546
       Executioner's axe |       |       |       |    97 |   405 |    38 |       |   192 |   165 ||   897
       Unarmed           |       |       |       |     9 |       |       |       |       |       ||     9
       Flail             |       |       |       |     5 |    20 |       |       |       |       ||    25
       Battleaxe         |       |       |       |       |   390 |       |       |       |       ||   390
Throw: Dart              |       |       |       |     2 |       |       |       |       |       ||     2
Invok: Berserk           |       |     2 |     3 |     6 |     5 |     5 |     6 |     5 |       ||    32
       Brothers in Arms  |       |       |       |     1 |     3 |     3 |     3 |     2 |       ||    12
       Trog's Hand       |       |       |       |       |     2 |       |       |       |       ||     2
       Summon Divine War |       |       |       |       |       |       |       |     2 |       ||     2
       Cleansing Flame   |       |       |       |       |       |       |       |     1 |     2 ||     3
       Brand Weapon With |       |       |       |       |       |       |       |     1 |       ||     1
Evoke: Wand              |       |       |       |       |     1 |       |       |       |       ||     1
       Box of beasts     |       |       |       |       |     1 |       |       |       |       ||     1
  Use: Scroll            |       |       |    15 |    14 |     7 |     1 |    13 |    11 |     6 ||    67
       Potion            |       |       |       |     3 |     2 |       |     1 |     8 |     7 ||    21
 Stab: Distracted        |       |       |       |       |       |       |     2 |       |       ||     2
Armor: Animal skin       |     2 |       |       |       |       |       |       |       |       ||     2
       Scale mail        |    27 |    45 |    50 |       |       |       |       |       |       ||   122
       Plate armour      |       |       |   140 |    92 |       |       |       |   157 |       ||   389
       Ice dragon scales |       |       |       |   173 |   407 |   296 |   358 |   236 |   115 ||  1585
Dodge: Dodged            |    51 |    49 |   103 |   266 |   813 |   642 |   614 |   710 |   357 ||  3605
Block: Other             |       |       |    15 |    25 |   190 |     4 |       |       |       ||   234
       Kite shield       |       |       |   194 |   384 |    26 |    94 |       |       |       ||   698
       Reflection        |       |       |     8 |     9 |    20 |   258 |   170 |    54 |       ||   519
       Tower shield      |       |       |       |       |       |  1532 |  1857 |  1505 |       ||  4894

Table legend: (Time is in decaauts)
 A = Elapsed time spent in this place.
 B = Non-inter-level travel time spent in this place.
 C = Inter-level travel time spent in this place.
 D = Time resting spent in this place.
 E = Time spent auto-exploring this place.
 F = Levels seen in this place.
 G = Mean time per level.
                   A        B        C        D        E       F      G
               +--------+--------+--------+--------+--------+-----+--------+
         Total |  59021 |  53817 |   5204 |   6012 |  35077 |  49 | 1204.5 |
       Dungeon |  14796 |  12779 |   2017 |    581 |   9574 |  15 |  986.4 |
          Lair |   6293 |   5597 |    696 |     48 |   4577 |   6 | 1048.8 |
        Shoals |   6427 |   6097 |    330 |    784 |   3745 |   4 | 1606.8 |
     Snake Pit |   5070 |   4914 |    156 |    834 |   3062 |   4 | 1267.5 |
  Orcish Mines |   2425 |   1940 |    485 |      0 |   1470 |   2 | 1212.5 |
   Elven Halls |   4081 |   3791 |    290 |    448 |   2259 |   3 | 1360.3 |
        Vaults |  10498 |   9470 |   1028 |   1236 |   6097 |   5 | 2099.6 |
         Crypt |   5043 |   4863 |    180 |   1349 |   2339 |   3 | 1681.0 |
        Depths |    240 |    222 |     18 |      3 |      3 |   1 |  240.0 |
         Abyss |    403 |    403 |      0 |      0 |    211 |   1 |  403.0 |
        Bazaar |    591 |    591 |      0 |    400 |    167 |   2 |  295.5 |
        Bailey |   1262 |   1262 |      0 |    326 |    624 |   1 | 1262.0 |
      Ice Cave |    625 |    625 |      0 |      0 |    403 |   1 |  625.0 |
        Wizlab |   1261 |   1261 |      0 |      0 |    541 |   1 | 1261.0 |
               +--------+--------+--------+--------+--------+-----+--------+

Top non-repeatable levels by time:
 Crypt:1: 2894 daAuts
Vaults:5: 2814 daAuts
Vaults:4: 2791 daAuts
 Snake:3: 1934 daAuts
Shoals:4: 1922 daAuts
Shoals:1: 1762 daAuts
Vaults:1: 1694 daAuts
Vaults:2: 1694 daAuts
   Elf:3: 1632 daAuts
   Orc:2: 1517 daAuts
Vaults:3: 1503 daAuts
 Crypt:3: 1489 daAuts
    D:14: 1463 daAuts
Shoals:3: 1381 daAuts
Shoals:2: 1360 daAuts
